Map: Oblivion Express

Players

Robert

  • Race: Terran Terran
  • Spawn Location: 0:00

NamroodTuo

  • Race: Zerg Zerg

VOD

Have the link to the VOD?

Description

Time

  • Played on: May 12, 2023, 8:02 a.m.
  • Length: 19:43
Show
View Real Time Build Order
Export as new Build Order

Robert Terran 

Build Orders:  

Get SALT Encoding   

  12  0:12  SCV  
  13  0:25  SCV  
  14  0:39  SCV  
  15  0:46  Supply Depot  
  15  1:11  SCV  
  15  1:13  Supply Depot  
  16  1:25  SCV  
  17  1:39  SCV  
  18  1:44  Refinery  
  18  1:52  SCV  
  19  2:01  Supply Depot  
  19  2:06  SCV  
  20  2:19  SCV  
  21  2:33  SCV  
  21  2:34  Refinery  
  22  2:46  SCV  
  23  3:00  SCV  
  24  3:13  Factory  
  24  3:14  SCV  
  25  3:27  SCV  
  26  3:41  SCV  
  27  3:54  SCV  
  28  4:01  Factory  
  28  4:06  Armory  
  28  4:08  SCV  
  29  4:28  Upgrade Laser Drill Level 1  
  29  4:33  Factory Tech Reactor  
  29  5:15  Starport  
  29  5:21  Supply Depot  
  29  5:23  Factory Tech Reactor  
  29  5:29  Advanced Optics  
  29  5:53  Supply Depot  
  29  5:57  Hellion x2  
  29  5:58  Hellion x2  
  37  6:29  Supply Depot  
  37  6:30  Starport Tech Reactor  
  33  6:56  Upgrade Laser Drill Level 2  
  33  7:08  Engineering Bay  
  33  7:18  Science Vessel x2  
  37  7:24  Hellion x2  
  37  7:27  Goliath x2  
  37  7:29  Regenerative Bio-Steel  
  45  7:47  Supply Depot  
  45  7:48  Hellion x2  
  49  8:10  Supply Depot  
  49  8:59  Terran Vehicle and Ship Weapons Level 1  
  45  9:18  Devastation Turret  
  45  9:31  Improved Nano-Repair  
  45  9:35  Science Vessel x2  
  45  9:38  Devastation Turret  
  49  9:40  Hellion x2  
  49  9:41  Hellion x2  
  57  10:10  Devastation Turret  
  57  10:28  Spinning Dizzy  
  57  10:30  Fire-Suppression Systems  
  57  10:31  Defensive Matrix  
  55  11:07  Spinning Dizzy  
  55  11:11  Spinning Dizzy  
  55  11:21  Goliath x2  
  55  11:23  Hellion x2  
  63  11:30  KMC Auto-Loaders  
  63  11:39  Terran Vehicle And Ship Armor Level 1  
  49  12:04  Spinning Dizzy  
  39  12:38  Science Vessel x2  
  33  13:16  Hellion x2  
  33  13:17  Hellion x2  
  41  13:26  Science Vessel  
  41  13:28  Command Center  
  43  13:51  SCV  
  44  14:05  SCV  
  43  14:19  Terran Vehicle and Ship Weapons Level 2, SCV  
  43  14:32  SCV  
  44  14:46  SCV  
  44  14:49  Command Center  
  43  14:59  SCV  
  32  15:13  SCV  
  33  15:26  SCV  
  34  15:36  Wraith x2  
  38  15:40  SCV  
  38  15:44  Refinery  
  39  15:53  SCV  
  39  15:54  SCV  
  39  16:07  SCV  
  39  16:09  Refinery  
  39  16:16  Wraith x2  
  43  16:21  SCV  
  43  16:34  SCV  
  44  16:48  SCV  
  45  16:56  Wraith x2  
  49  17:01  SCV  
  50  17:15  SCV  
  51  17:23  Hi-Sec Auto Tracking  
  51  17:29  SCV  
  52  17:36  Science Vessel x2  
  56  17:42  SCV  
  57  17:56  SCV  
  58  18:09  SCV  
  47  18:23  Structure Armor, SCV  
  47  18:24  Science Vessel x2  
  52  18:33  Goliath x2  
  52  18:36  Hellion, SCV  
  52  18:39  Hellion  
Show
View Real Time Build Order
Export as new Build Order

NamroodTuo Zerg 

Build Orders:  

Get SALT Encoding   

  12  0:05  Infested SCV  
  13  0:25  Infested Barracks  
  13  0:32  Infested SCV  
  14  0:43  Infested SCV  
  15  0:51  Overlord  
  15  1:11  Infested Refinery  
  15  1:26  Infested SCV  
  15  1:28  Infestation Level 1  
  16  1:35  Infested SCV  
  17  1:50  Infested SCV  
  17  1:51  Infested SCV  
  19  2:06  Infested Engineering Bay  
  19  2:07  Infested SCV  
  20  2:13  Infested SCV  
  21  2:25  Infested SCV  
  22  2:38  Infested SCV  
  23  3:00  Infested Refinery  
  23  3:04  Overlord  
  23  3:06  Overlord  
  23  3:20  Overlord  
  23  3:32  Infestation Level 2  
  23  3:50  Infested SCV  
  23  3:51  Infested Factory  
  23  3:54  Infested SCV  
  23  3:59  Infested Barracks Tech Lab  
  25  5:02  Infested SCV x2  
  27  5:18  Infested Factory, Infested Factory Tech Lab  
  27  5:32  Anaerobic Enhancement  
  27  5:37  Infested Marine x4  
  27  5:38  Infested Marine x16  
  47  6:25  Stukov Infantry Armor Level 1  
  47  6:31  Automated Mitosis  
  47  6:32  Broodling Gestation  
  47  6:43  Overlord x2  
  47  7:02  Overlord  
  47  7:09  Infested Command Center  
  47  7:19  Overseer x4  
  47  7:31  Saturated Cultures  
  27  7:49  Retinal Augmentation  
  27  8:07  Infested Siege Tank  
  30  8:39  Infested Siege Tank  
  33  8:49  Plagued Munitions  
  33  8:56  Infested Armory  
  33  9:05  Stukov Infantry Weapons Level 1  
  33  9:47  Infested Siege Tank  
  33  9:48  Infested Diamondback  
  39  9:51  Infested SCV x3  
  39  9:55  Overlord, Infested SCV  
  39  9:56  Infested SCV x3  
  46  10:05  Infested Bunker  
  50  10:55  Infested Siege Tank, Infested Diamondback  
  50  10:56  Infested Siege Tank  
  50  10:57  Infested Siege Tank  
  62  12:14  Infested Siege Tank x2  
  62  12:15  Infested Siege Tank  
  62  12:17  Infested Siege Tank x2  
  68  14:29  Infested Siege Tank  
  71  14:30  Infested Siege Tank, Infested Diamondback  
  71  14:31  Infested Siege Tank, Infested Diamondback  
  83  15:39  Overlord x2  
  74  15:40  Overlord x3  
  74  15:41  Aggressive Incubation  
  74  15:47  Overlord x2  
  53  16:46  Unknown  
  53  17:03  Infested Siege Tank x2, Infested Diamondback x2  
  53  17:04  Infested Siege Tank  
  53  17:08  Caustic Mucus  
  53  17:32  Infested Siege Tank  
  56  17:55  Infested Barracks  
  44  18:55  Infested Barracks Tech Lab  
Tags
 
Commander
StukovSwann
Matchup
Co-op
Replay Pack
Multiplayer
Add a new tag
Caveats
  • Supply blocks, unpowered buildings, or Contaminate may cause inaccurate times.
  • Supply counts are checked every 10 seconds.